Map: Abyssal Reef LE

Players

Kratos - Winner!

  • Race: Terran Terran
  • League: Silver
  • Spawn Location: 11:00

Whiskydog

  • Race: Terran Terran
  • League: Silver
  • Spawn Location: 5:00

VOD

Have the link to the VOD?

Description

Time

  • Played on: June 10, 2017, 11:02 p.m.
  • Length: 10:53
Show
View Real Time Build Order
Export as new Build Order

Kratos Terran - Winner!

Build Orders: Cyclone Opening 

Get SALT Encoding   

  12  0:03  SCV  
  13  0:14  Refinery  
  13  0:16  SCV  
  14  0:35  Supply Depot  
  14  1:00  Barracks  
  14  1:01  SCV  
  15  1:06  Refinery  
  15  1:13  SCV  
  16  1:25  SCV  
  17  1:50  Supply Depot  
  17  1:52  Factory, Orbital Command  
  17  2:17  Reaper  
  18  2:39  Cyclone  
  21  2:44  Starport  
  21  2:45  SCV  
  22  2:58  SCV  
  23  3:01  Supply Depot  
  23  3:10  SCV  
  24  3:14  Marine  
  24  3:18  Factory Tech Lab  
  24  3:42  Fusion Core  
  24  3:59  Factory Tech Lab  
  24  4:05  SCV  
  25  4:17  SCV  
  26  4:29  Weapon Refit  
  26  4:31  Battlecruiser  
  32  4:35  Siege Tank  
  35  4:43  Supply Depot  
  35  5:50  Battlecruiser  
  41  6:52  Siege Tank  
  44  7:28  Battlecruiser  
  44  8:27  Command Center  
  44  8:32  Battlecruiser  
  44  9:57  Engineering Bay  
  44  10:04  Siege Tank  
Show
View Real Time Build Order
Export as new Build Order

Whiskydog Terran 

Build Orders: MMM Bio 

Get SALT Encoding   

  12  0:02  SCV  
  13  0:17  Supply Depot  
  13  0:18  SCV  
  14  0:29  Refinery  
  14  0:37  SCV  
  14  0:38  Refinery  
  15  0:52  Barracks  
  15  0:59  SCV  
  16  1:11  SCV  
  16  1:17  Supply Depot  
  17  1:23  SCV  
  18  1:30  Engineering Bay  
  18  1:35  SCV  
  19  1:43  Barracks Tech Lab  
  19  1:47  SCV  
  20  2:00  SCV  
  21  2:04  Factory  
  21  2:09  Stimpack  
  21  2:14  Marine  
  22  2:24  Terran Infantry Weapons Level 1  
  22  2:31  Orbital Command  
  22  2:35  Marine  
  23  2:45  Supply Depot  
  23  2:49  Factory Tech Lab  
  23  3:01  Starport  
  23  3:02  SCV  
  24  3:06  Marine  
  25  3:15  Siege Tank  
  28  3:25  Marine  
  29  3:34  SCV  
  29  3:35  Barracks  
  29  3:40  Starport Reactor  
  30  3:42  Marine  
  30  3:47  SCV  
  32  3:53  Supply Depot  
  32  4:00  Marine  
  33  4:09  Combat Shields  
  33  4:18  Terran Infantry Armor Level 1, Marine  
  33  4:23  Siege Tank  
  37  4:32  Barracks Reactor  
  37  4:33  Barracks  
  37  4:36  Marine  
  38  4:41  SCV  
  39  4:49  Medivac  
  41  4:54  Marine  
  42  5:01  Barracks  
  42  5:09  Barracks  
  42  5:10  Marine x2  
  44  5:15  Marine  
  44  5:18  Medivac  
  47  5:29  Supply Depot  
  47  5:38  Supply Depot  
  43  6:20  Marine x2  
  43  6:23  Barracks Reactor  
  43  6:24  Barracks Reactor  
  46  6:26  Marine  
  43  6:38  Barracks Reactor, Marine x2  
  44  6:55  Missile Turret  
  44  6:56  Command Center  
  44  7:01  Marine  
  44  7:02  Missile Turret  
  38  7:52  Refinery  
  38  7:59  SCV  
  38  8:03  Marine x3  
  42  8:06  Marine  
  42  8:11  SCV  
  44  8:15  Missile Turret  
  44  8:21  Missile Turret  
  44  8:28  Marine  
  44  8:31  Missile Turret  
  45  8:39  Orbital Command  
  45  8:41  SCV  
  32  9:17  Marine x5  
  26  9:18  Marine x2  
  26  9:19  Marine  
  36  9:26  Medivac  
  35  9:41  Marine x6  
  38  9:53  Marine  
  38  9:54  Marine x2  
  38  9:57  Starport Reactor  
  41  10:05  Starport  
  41  10:20  Armory  
  41  10:22  Marine  
  42  10:29  Marine  
Tags
 
Composition
MMM Bio
Matchup
TvT
Race
Terran
Replay Pack
SIII
Spawn Locations
Cross Positions
Add a new tag
Caveats
  • Supply blocks, unpowered buildings, or Contaminate may cause inaccurate times.
  • Supply counts are checked every 10 seconds.